Map: Babylon LE

Players

ShaDoWn

  • Race: Protoss Protoss
  • Spawn Location: 11:00

ShoWTimE - Winner!

  • Race: Protoss Protoss
  • League: Grandmaster
  • Spawn Location: 5:00

Event: HomeStory Cup XXIII

VOD

Have the link to the VOD?

Description

Time

  • Played on: July 1, 2023, 3:45 p.m.
  • Length: 19:12

All games in this series

Show
View Real Time Build Order
Export as new Build Order

ShaDoWn Protoss 

Build Orders: Oracle Opening, Phoenix Opening 

Get SALT Encoding   

  12  0:00  Probe  
  13  0:12  Probe  
  14  0:17  Pylon  
  14  0:24  Probe  
  15  0:35  Gateway  
  15  0:37  Probe (Chrono Boost)  
  16  0:46  Probe (Chrono Boost)  
  16  0:47  Assimilator  
  17  0:52  Probe (Chrono Boost)  
  18  1:04  Probe (Chrono Boost)  
  19  1:08  Gateway  
  19  1:10  Assimilator  
  19  1:13  Probe (Chrono Boost)  
  20  1:19  Probe  
  21  1:29  Cybernetics Core  
  21  1:31  Probe  
  22  1:36  Pylon  
  22  1:43  Probe  
  23  1:55  Probe  
  24  2:05  Stalker  
  24  2:06  Warp Gate  
  24  2:07  Stalker  
  28  2:09  Probe  
  29  2:19  Pylon  
  29  2:21  Probe  
  30  2:29  Stargate  
  30  2:34  Probe  
  31  2:38  Pylon  
  31  2:55  Nexus  
  31  3:01  Probe  
  32  3:10  Oracle (Chrono Boost)  
  32  3:13  Probe  
  32  3:16  Shield Battery  
  36  3:25  Probe  
  36  3:26  Pylon  
  37  3:35  Shield Battery  
  37  3:37  Probe  
  38  3:44  Phoenix (Chrono Boost)  
  40  3:49  Probe  
  41  3:56  Twilight Council  
  41  3:58  Stalker  
  41  4:01  Probe  
  44  4:14  Probe  
  44  4:16  Probe  
  46  4:17  Stalker  
  46  4:23  Blink (Chrono Boost)  
  48  4:26  Probe  
  48  4:28  Probe  
  50  4:31  Gateway  
  50  4:38  Probe  
  51  4:40  Probe  
  51  4:42  Stalker  
  51  4:43  Stalker  
  53  4:50  Probe  
  54  5:06  Nexus, Stalker  
  56  5:07  Stalker  
  56  5:11  Pylon  
  56  5:14  Probe  
  59  5:17  Probe  
  57  5:26  Probe  
  58  5:29  Probe  
  58  5:32  Pylon  
  59  5:37  Stalker x3  
  59  5:38  Probe  
  59  5:41  Probe  
  67  5:46  Assimilator  
  67  5:50  Probe  
  67  5:56  Gateway  
  68  5:58  Probe  
  68  6:01  Stalker x2  
  68  6:02  Probe  
  68  6:03  Stalker  
  76  6:10  Probe  
  77  6:11  Pylon  
  77  6:18  Probe x2  
  79  6:22  Probe  
  79  6:23  Oracle (Chrono Boost)  
  80  6:30  Probe x2  
  83  6:35  Probe  
  84  6:42  Probe x2, Pylon  
  85  6:47  Probe  
  85  6:50  Stalker x3  
  88  6:56  Probe  
  88  6:58  Probe  
  88  6:59  Probe  
  89  7:08  Probe  
  89  7:10  Probe  
  89  7:11  Probe  
  92  7:21  Probe  
  92  7:22  Probe, Robotics Facility  
  94  7:23  Probe  
  94  7:28  Oracle (Chrono Boost)  
  97  7:33  Probe  
  97  7:34  Probe  
  97  7:35  Probe, Stalker  
  101  7:48  Shield Battery  
  101  7:49  Probe  
  101  7:50  Probe  
  101  7:51  Probe, Pylon  
  100  8:01  Probe  
  100  8:02  Probe  
  101  8:09  Probe  
  101  8:10  Stalker x3  
  108  8:13  Probe  
  109  8:23  Gateway  
  109  8:25  Pylon, Assimilator  
  109  8:26  Forge, Assimilator  
  109  8:30  Pylon  
  109  8:36  Nexus  
  109  8:39  Pylon  
  109  8:43  Probe, Observer (Chrono Boost)  
  109  8:45  Probe  
  112  8:48  Stalker x3  
  118  8:58  Probe  
  119  9:05  Probe  
  117  9:11  Probe, Observer  
  117  9:12  Protoss Ground Weapons Level 1 (Chrono Boost)  
  117  9:14  Probe, Shield Battery  
  120  9:17  Probe, Photon Cannon  
  120  9:20  Stalker x4  
  120  9:23  Probe  
  130  9:26  Probe  
  130  9:28  Pylon  
  130  9:29  Probe  
  130  9:30  Forge  
  132  9:32  Observer  
  132  9:35  Probe  
  133  9:42  Pylon  
  133  9:46  Probe x2, Immortal  
  133  9:47  Gateway, Sentry  
  133  9:49  Stalker x3  
  133  9:50  Gateway  
  147  9:55  Probe  
  147  9:58  Probe x2  
  150  10:02  Assimilator  
  150  10:03  Dark Shrine, Protoss Ground Armor Level 1 (Chrono Boost)  
  151  10:07  Probe  
  151  10:12  Charge, Gateway  
  151  10:14  Gateway, Stalker x2  
  153  10:15  Observer  
  153  10:16  Stalker  
  157  10:24  Stalker  
  157  10:27  Pylon  
  158  10:34  Pylon  
  158  10:42  Stalker x3  
  164  10:51  Pylon, Observer  
  164  10:52  Zealot x3  
  164  10:55  Assimilator  
  164  10:56  Protoss Ground Weapons Level 2 (Chrono Boost)  
  168  11:01  Observer  
  168  11:05  Gateway  
  168  11:06  Probe  
  168  11:07  Probe, Gateway  
  168  11:08  Probe  
  171  11:12  Shadow Stride (Chrono Boost)  
  171  11:16  Nexus  
  171  11:17  Dark Templar  
  173  11:19  Zealot x6  
  173  11:20  Zealot  
  187  11:42  Nexus  
  187  11:44  Pylon  
  187  11:46  Pylon, Observer (Chrono Boost)  
  188  11:53  Pylon  
  188  11:55  Pylon  
  188  11:56  Protoss Ground Armor Level 2 (Chrono Boost)  
  188  11:57  Pylon  
  188  12:06  Shield Battery  
  188  12:07  Pylon, Photon Cannon  
  188  12:09  Photon Cannon x2  
  188  12:10  Photon Cannon  
  188  12:11  Dark Templar x4, Photon Cannon  
  195  12:16  Dark Templar x2  
  195  12:20  Photon Cannon  
  195  12:22  Pylon  
  199  12:27  Zealot x2  
  195  12:37  Robotics Bay  
  193  12:47  Gateway, Photon Cannon  
  193  12:48  Observer (Chrono Boost)  
  193  12:50  Zealot x5  
  193  12:51  Pylon  
  199  12:55  Zealot  
  199  13:00  Photon Cannon, Protoss Ground Weapons Level 3 (Chrono Boost)  
  191  13:07  Zealot x2, Observer (Chrono Boost)  
  197  13:13  Zealot  
  197  13:16  Zealot  
  197  13:18  Dark Templar x2  
  200  13:22  Gravitic Boosters (Chrono Boost)  
  198  13:29  Dark Templar  
  200  13:38  Photon Cannon  
  200  13:40  Photon Cannon  
  200  13:42  Pylon  
  200  13:44  Pylon  
  200  13:45  Pylon, Zealot x4  
  197  13:48  Dark Templar  
  197  13:49  Dark Templar  
  197  13:54  Zealot x2  
  194  14:00  Observer  
  182  14:06  Dark Templar  
  182  14:07  Dark Templar x4  
  170  14:20  Zealot x3  
  159  14:32  Stalker  
  159  14:38  Pylon  
  160  14:41  Pylon  
  134  15:11  Pylon  
  134  15:23  Pylon x2  
  134  15:27  Archon x2  
  129  15:43  Stalker x3  
  135  15:50  Pylon  
  133  16:10  Stalker x3  
  117  16:18  Zealot  
  117  16:24  Observer  
  85  16:39  Sentry x2  
  85  17:00  Stalker  
  87  17:12  Zealot  
  76  17:35  Observer (Chrono Boost)  
  61  17:47  Zealot  
  64  17:58  Observer  
  64  18:06  Observer  
  64  18:09  Observer  
  36  18:53  Zealot  
Show
View Real Time Build Order
Export as new Build Order

ShoWTimE Protoss - Winner!

Build Orders: Oracle Opening 

Get SALT Encoding   

  12  0:00  Probe  
  13  0:12  Probe  
  14  0:17  Pylon  
  14  0:24  Probe (Chrono Boost)  
  15  0:36  Probe (Chrono Boost)  
  15  0:37  Gateway  
  16  0:45  Probe (Chrono Boost)  
  16  0:46  Assimilator  
  17  0:50  Probe  
  18  1:03  Probe  
  19  1:15  Probe (Chrono Boost), Assimilator  
  19  1:17  Pylon  
  20  1:24  Probe (Chrono Boost)  
  21  1:28  Cybernetics Core  
  21  1:29  Probe (Chrono Boost)  
  22  1:35  Zealot  
  24  1:41  Probe  
  25  1:53  Probe  
  26  2:04  Stargate  
  26  2:05  Adept  
  28  2:27  Pylon  
  28  2:29  Pylon  
  28  2:31  Warp Gate  
  28  2:42  Nexus  
  28  2:45  Shield Battery  
  28  2:52  Stalker  
  28  2:58  Oracle (Chrono Boost)  
  30  3:04  Probe  
  34  3:13  Pylon  
  34  3:16  Probe  
  35  3:28  Probe, Oracle  
  39  3:35  Twilight Council  
  39  3:40  Probe  
  40  3:53  Probe x2  
  40  3:54  Stalker  
  44  4:00  Shield Battery  
  44  4:07  Probe  
  40  4:14  Probe  
  36  4:20  Probe (Chrono Boost)  
  37  4:26  Probe (Chrono Boost)  
  38  4:37  Probe (Chrono Boost)  
  38  4:38  Probe (Chrono Boost)  
  38  4:42  Probe (Chrono Boost)  
  38  4:44  Probe (Chrono Boost)  
  40  4:47  Dark Shrine  
  40  4:52  Probe  
  41  4:56  Probe  
  42  5:01  Gateway  
  42  5:04  Probe  
  43  5:08  Probe  
  43  5:11  Pylon  
  44  5:16  Probe  
  44  5:17  Blink (Chrono Boost)  
  44  5:20  Probe  
  46  5:28  Probe  
  46  5:32  Probe  
  46  5:33  Assimilator  
  48  5:36  Gateway  
  48  5:40  Probe  
  49  5:43  Pylon  
  49  5:44  Probe  
  50  5:53  Probe  
  50  5:56  Probe  
  52  6:02  Dark Templar x2  
  56  6:07  Probe  
  56  6:08  Probe  
  58  6:12  Pylon  
  58  6:13  Pylon  
  55  6:34  Stalker x2  
  55  6:35  Stalker  
  55  6:38  Nexus  
  61  6:40  Probe x2  
  63  6:57  Probe x2  
  63  6:59  Shield Battery  
  63  7:00  Dark Templar  
  65  7:01  Dark Templar  
  65  7:03  Stalker  
  67  7:09  Probe x2  
  67  7:10  Shield Battery  
  67  7:11  Pylon  
  69  7:21  Probe  
  69  7:22  Probe  
  71  7:27  Gateway  
  69  7:31  Stalker  
  69  7:34  Probe x2 (Chrono Boost)  
  69  7:36  Stalker x2  
  77  7:41  Forge  
  77  7:46  Probe x2 (Chrono Boost)  
  80  7:54  Probe x3 (Chrono Boost)  
  79  8:00  Probe, Stalker x3  
  79  8:02  Probe  
  85  8:13  Gateway, Robotics Facility  
  85  8:17  Protoss Ground Weapons Level 1 (Chrono Boost)  
  85  8:24  Pylon  
  85  8:27  Probe x2, Stalker x4, Assimilator  
  87  8:28  Pylon  
  95  8:37  Nexus  
  95  8:53  Gateway, Stalker x2  
  95  8:54  Nexus  
  95  8:55  Gateway  
  99  8:57  Pylon  
  99  9:02  Stalker x2  
  102  9:12  Stalker  
  102  9:14  Probe x2  
  102  9:16  Probe, Stalker  
  109  9:17  Stalker  
  111  9:29  Pylon  
  112  9:31  Observer (Chrono Boost)  
  112  9:33  Stalker x2  
  112  9:35  Shadow Stride  
  112  9:37  Probe  
  112  9:38  Pylon, Shield Battery  
  117  9:40  Pylon  
  117  9:43  Pylon  
  117  9:45  Charge  
  117  9:47  Probe x2  
  117  9:48  Observer (Chrono Boost)  
  117  9:52  Pylon  
  120  9:55  Pylon  
  120  9:58  Probe  
  120  9:59  Probe x2  
  123  10:05  Protoss Ground Weapons Level 2 (Chrono Boost)  
  123  10:06  Zealot x6  
  135  10:13  Gateway  
  135  10:14  Probe x2  
  137  10:15  Probe x2  
  139  10:21  Photon Cannon  
  139  10:29  Stalker x3  
  139  10:34  Zealot x4  
  153  10:37  Probe  
  154  10:46  Pylon, Shield Battery  
  154  10:48  Photon Cannon  
  154  10:51  Nexus  
  154  11:02  Dark Templar x2  
  158  11:05  Stalker  
  158  11:06  Zealot x4  
  168  11:12  Shield Battery  
  168  11:15  Observer, Photon Cannon  
  168  11:18  Stalker  
  171  11:21  Gateway  
  171  11:24  Probe x4  
  171  11:25  Gateway  
  175  11:38  Stalker x2  
  175  11:39  Stalker x3  
  185  11:48  Photon Cannon  
  185  11:49  Photon Cannon  
  185  11:51  Shield Battery  
  185  11:52  Dark Templar  
  187  11:55  Pylon  
  187  12:00  Pylon, Photon Cannon  
  187  12:01  Pylon  
  187  12:03  Warp Prism (Chrono Boost)  
  189  12:11  Dark Templar  
  189  12:12  Zealot x4  
  199  12:16  Pylon  
  199  12:25  Stalker x2  
  190  12:35  Protoss Ground Weapons Level 3 (Chrono Boost)  
  188  12:42  Nexus  
  188  12:43  Zealot x5  
  198  12:48  Probe  
  197  12:52  Gateway  
  197  12:53  Gateway  
  197  12:55  Gateway  
  197  12:58  Gateway  
  193  13:00  Gateway  
  193  13:02  Dark Templar  
  183  13:07  Zealot x3, Dark Templar  
  191  13:14  Probe x2  
  191  13:15  Probe x3  
  196  13:23  Pylon  
  194  13:29  Pylon  
  192  13:45  Pylon, Zealot x6  
  192  13:47  Stalker x2  
  192  13:48  Nexus  
  199  13:50  Photon Cannon  
  199  13:52  Photon Cannon  
  199  13:55  Photon Cannon  
  192  13:57  Photon Cannon  
  192  13:59  Stalker x7, Photon Cannon  
  198  14:05  Stalker x2  
  198  14:09  Photon Cannon  
  193  14:10  Photon Cannon  
  193  14:12  Photon Cannon  
  193  14:14  Photon Cannon  
  193  14:15  Shield Battery  
  151  15:28  Nexus  
  151  15:31  Nexus  
  134  15:49  Nexus, Pylon x2  
  133  15:52  Pylon  
  84  16:25  Zealot  
  84  16:26  Zealot x6  
  66  16:45  Cybernetics Core  
  66  16:56  Dark Templar x3  
  72  17:09  Dark Templar  
  62  17:32  Observer  
  60  17:41  Pylon  
  56  17:47  Zealot x2  
  56  17:48  Zealot x4  
  66  17:58  Shield Battery  
  66  18:04  Shield Battery  
  66  18:05  Stalker  
  68  18:19  Zealot x2  
  48  18:28  Zealot  
  48  18:30  Zealot  
  46  18:48  Zealot x3  
  52  18:53  Zealot  
  50  19:06  Zealot x2  
Tags
 
Add a new tag
Caveats
  • Supply blocks, unpowered buildings, or Contaminate may cause inaccurate times.
  • Supply counts are checked every 10 seconds.